[Event "22nd Mediterranean Flowers 2022"]
[Site "Rijeka"]
[Date "2022.03.08"]
[Round "4.5"]
[White "Radeva, Viktoria"]
[Black "Berke, Ana"]
[Result "0-1"]
[ECO "B92"]
[WhiteElo "2261"]
[BlackElo "2135"]
[Annotator "RC"]
[PlyCount "84"]
[EventDate "2022.03.07"]
[EventType "tourn"]
[EventCountry "CRO"]
[SourceTitle "playchess.com"]
[Source "ChessBase"]
[SourceQuality "1"]
[TimeControl "5400+30"]

1. e4 c5 2. Nf3 d6 3. d4 cxd4 4. Nxd4 Nf6 5. Nc3 a6 6. Be2 e5 7. Nb3 Be7 8. O-O O-O 9. Kh1 Nc6 10. f4 exf4 11. Bxf4 Ne5 12. Qe1 b5 13. Rd1 Qc7 14. Rd4 Be6 15. Qg3 Rad8 16. Rfd1 Rfe8 17. a3 h5 18. Bg5 Nfg4 19. Bxe7 Qxe7 20. Bxg4 hxg4 21. Nd5 Bxd5 22. exd5 Rc8 23. c3 g6 24. Rf1 Rc4 25. Nd2 Rcc8 26. Ne4 f5 27. Nd2 Kg7 28. Kg1 Rh8 29. Re1 Rh5 30. Nf1 Rf8 31. c4 bxc4 32. Qc3 f4 33. Rxc4 Rf7 34. Rce4 f3 35. gxf3 gxf3 36. Kf2 Qg5 37. Qd4 Qg2+ 38. Ke3 f2 39. Rc1 Qg5+ 40. Rf4 Rxf4 41. Qxf4 Qxf4+ 42. Kxf4 Nd3+ 0-1

[Event "22nd Mediterranean Flowers 2022"]
[Site "Rijeka"]
[Date "2022.03.09"]
[Round "5.1"]
[White "Berke, Ana"]
[Black "Kejzar, Petra"]
[Result "1/2-1/2"]
[ECO "D85"]
[WhiteElo "2135"]
[BlackElo "2031"]
[Annotator "ChessBase"]
[PlyCount "23"]
[EventDate "2022.03.07"]
[EventType "tourn"]
[EventCountry "CRO"]
[SourceTitle "playchess.com"]
[Source "ChessBase"]
[SourceQuality "1"]
[TimeControl "5400+30"]

1. d4 Nf6 2. c4 g6 3. Nc3 d5 4. cxd5 Nxd5 5. e4 Nxc3 6. bxc3 Bg7 7. Nf3 c5 8. Be3 O-O 9. Be2 Qa5 10. Qd2 Nc6 11. Rd1 Bg4 12. O-O 1/2-1/2

[Event "22nd Mediterranean Flowers 2022"]
[Site "Rijeka"]
[Date "2022.03.11"]
[Round "8.2"]
[White "Medic, Mirjana"]
[Black "Toncheva, Nadya"]
[Result "1/2-1/2"]
[ECO "D04"]
[WhiteElo "2207"]
[BlackElo "2207"]
[Annotator "ChessBase"]
[PlyCount "107"]
[EventDate "2022.03.07"]
[EventType "tourn"]
[EventCountry "CRO"]
[SourceTitle "playchess.com"]
[Source "ChessBase"]
[SourceQuality "1"]
[TimeControl "5400+30"]

1. d4 d5 2. Nf3 Nf6 3. e3 c5 4. b3 cxd4 5. exd4 Nc6 6. Bb2 Bf5 7. Bd3 Bxd3 8. Qxd3 e6 9. a3 Be7 10. Nbd2 O-O 11. O-O Qc7 12. Rac1 Rfd8 13. h3 Rac8 14. Rfe1 Bf8 15. c4 dxc4 16. bxc4 Rd7 17. Qe3 Qd8 18. Nb3 Rdc7 19. Red1 Rd7 20. Rd2 g6 21. Rcd1 Bg7 22. Ne5 Rdc7 23. d5 Nxe5 24. Bxe5 Rxc4 25. dxe6 Qe8 26. exf7+ Qxf7 27. Rd8+ Bf8 28. Qf3 Rxd8 29. Rxd8 Ne8 30. Qd3 Rc6 31. f4 Bxa3 32. Na5 Bc5+ 33. Kh2 Re6 34. Qd5 Bb6 35. Nxb7 Re7 36. Qb5 Bxd8 37. Nxd8 Qf5 38. Nc6 Rd7 39. Nxa7 Qe6 40. Nc6 Kf7 41. Nd4 Qd5 42. Qb8 Ng7 43. Nf3 h6 44. Qh8 Nf5 45. Qf6+ Ke8 46. Qh8+ Kf7 47. Qf6+ Ke8 48. Qxg6+ Qf7 49. Qc6 Qd5 50. Qf6 Rf7 51. Qg6 Ke7 52. Qb6 Kf8 53. Qb8+ Ke7 54. Qc7+ 1/2-1/2

[Event "22nd Mediterranean Flowers 2022"]
[Site "Rijeka"]
[Date "2022.03.12"]
[Round "9.1"]
[White "Kubicka, Anna"]
[Black "Kejzar, Petra"]
[Result "1-0"]
[ECO "B46"]
[WhiteElo "2266"]
[BlackElo "2031"]
[Annotator "ChessBase"]
[PlyCount "51"]
[EventDate "2022.03.07"]
[EventType "tourn"]
[EventCountry "CRO"]
[SourceTitle "playchess.com"]
[Source "ChessBase"]
[SourceQuality "1"]
[TimeControl "5400+30"]

1. e4 c5 2. Nf3 e6 3. d4 cxd4 4. Nxd4 Nc6 5. Nc3 a6 6. Nxc6 bxc6 7. Bd3 Qc7 8. O-O Nf6 9. Qe2 h5 10. e5 Ng4 11. Bf4 g5 12. Bxg5 Rg8 13. Bf4 f6 14. h3 Nxe5 15. Qxh5+ Kd8 16. Ne4 Be7 17. Rfe1 d6 18. Qh7 Rf8 19. Bh6 Rf7 20. Qg8+ Kd7 21. Nc5+ dxc5 22. Rxe5 Qxe5 23. Qxf7 Kd8 24. Rd1 Bd6 25. g3 Qxb2 26. Bg6 1-0